 Dungeon Crawl Stone Soup version 0.21.1-1-g345015fe64 (webtiles) character file.

9492 PikkenKukken the Quickloader (level 11, 0/97 HPs)
             Began as a Centaur Hunter on June 23, 2018.
             Was a High Priest of Okawaru.
             Slain by a catoblepas (1 damage)
             ... on level 1 of the Lair of Beasts.
             The game lasted 00:41:27 (12189 turns).

PikkenKukken the Quickloader (Centaur Hunter)      Turns: 12189, Time: 00:41:28

Health: 0/97       AC: 16    Str: 15    XL:     11   Next: 23%
Magic:  11/11      EV:  1    Int: 13    God:    Okawaru [*****.]
Gold:   1099       SH:  0    Dex: 18    Spells: 10/10 levels left

rFire    + . .     SeeInvis .   b - +7 dagger "Arbiter" {holy, Int+3}
rCold    + . .     Gourm    +   (no shield)
rNeg     + + +     Faith    .   o - +2 leather armour {MR+}
rPois    ∞         Spirit   .   G - +2 hat
rElec    .         Reflect  .   v - +1 cloak
rCorr    +         Harm     .   (no gloves)
MR       +....                  i - +0 centaur barding
Stlth    ++........             A - amulet "Tecuhito" {Gourm *Slow rC+ rN++}
HPRegen  0.26/turn              j - ring of resist corrosion
MPRegen  0.12/turn              c - ring of protection from fire

@: agile, petrified, very quick
A: large, hooves 3, deformed body, speed 2, tough skin 3
a: Heroism, Finesse, Renounce Religion


You were on level 1 of the Lair of Beasts.
You worshipped Okawaru.
Okawaru was extremely pleased with you.
You were completely stuffed.

You visited 3 branches of the dungeon, and saw 12 of its levels.

You collected 1099 gold pieces.

Inventory:

Hand Weapons
 a - a +3 hand crossbow
 b - the +7 dagger "Arbiter" (weapon) {holy, Int+3}
   (You found it on level 6 of the Dungeon)

   It has been blessed by the Shining One to cause great damage to the undead
   and demons.
   It affects your intelligence (+3).
Missiles
 d - 32 bolts
 n - 144 arrows
Armour
 i - a +0 centaur barding (worn)
 o - a +2 leather armour of magic resistance (worn)
 v - a +1 cloak (worn)
 G - a +2 hat (worn)
Jewellery
 c - a ring of protection from fire (right hand)
 j - a ring of resist corrosion (left hand)
 k - an uncursed ring of fire
 A - the amulet "Tecuhito" (around neck) {Gourm *Slow rC+ rN++}
   (You found it on level 5 of the Dungeon)

   [amulet of the gourmand]

   It allows you to eat raw meat even when not hungry.
   It protects you from cold.
   It greatly protects you from negative energy.
   It may slow you when you take damage.
Wands
 m - a wand of flame (114)
 s - a wand of enslavement (9)
 y - a wand of iceblast (8)
 z - a wand of polymorph (12)
Scrolls
 e - 6 scrolls of remove curse
 g - 4 scrolls of identify
 h - 3 scrolls of enchant weapon
 l - 3 scrolls of teleportation
 r - a scroll of enchant armour
 t - 2 scrolls of blinking
 u - 3 scrolls of magic mapping
Potions
 p - 2 potions of haste
 q - 2 potions of brilliance
 w - 5 potions of curing
 x - a potion of agility
 C - a potion of might
Books
 F - a book of Changes

   Spells                             Type                      Level
   a - Beastly Appendage              Transmutation                1
   b - Sticks to Snakes               Transmutation                2
   c - Spider Form                    Transmutation/Poison         3
   d - Ice Form                       Ice/Transmutation            4
   e - Blade Hands                    Transmutation                5
Comestibles
 f - 27 rations


   Skills:
 - Level 9.1 Fighting
 - Level 6.0 Short Blades
   Level 4.0 Axes
 - Level 9.1 Crossbows
 + Level 6.7 Armour
 + Level 4.8 Dodging
 - Level 0.4 Stealth


You had 10 spell levels left.
You didn't know any spells.

Dungeon Overview and Level Annotations

Branches:
Dungeon (9/15)             Temple (1/1) D:5            Lair (2/6) D:8
  Swamp (0/4) Lair:2
  Snake: Lair:2-4    Spider: Lair:2-4       Orc: D:9-12

Altars:
Ashenzari
Cheibriados
Elyvilon
Gozag
Hepliaklqana
Kikubaaqudgha
Makhleb
Nemelex Xobeh
Okawaru
Qazlal
Ru
Sif Muna
Uskayaw
Xom
Yredelemnul
The Shining One

Shops:
D:8 :

Annotations:
D:9 Psyche
Lair:1 exclusion: oklob plant


Innate Abilities, Weirdness & Mutations

You have hooves in place of feet.
Armour fits poorly on your strangely shaped body.
You cover ground very quickly.
You have extremely tough skin. (AC +3)


Message History

The catoblepas gores you.
You completely miss the catoblepas. You kick the catoblepas.
The catoblepas is heavily wounded.
The catoblepas breathes a plume of calcifying dust at you.
The blast of calcifying dust hits you!
You hit the catoblepas but do no damage.
You kick the catoblepas.
The catoblepas is heavily wounded.
You are engulfed in calcifying dust.
You are slowing down.
The catoblepas gores you!!
* * * LOW HITPOINT WARNING * * *
Your limbs are stiffening.
The catoblepas closely misses you. The catoblepas gores you!
* * * LOW HITPOINT WARNING * * *
You have turned to stone.
The catoblepas gores you!
* * * LOW HITPOINT WARNING * * *
The catoblepas gores you.
You die...

##...#.###..............P##.#.#
#..##### ##.........Y...##....>
####.# #......(......###.#.#
.....###### #.....(.......##.....
.....##.#.###....(..........#.#.#
.###............(.####.##########
..##...........(.## ### ##
.##...............# ### #.
.............§.Y@.###.##### #.
..........................## ##
#.#........§.............^.# ###
####.............#######...# #..
## #.....§......## #...# #.. .#
#....§.......## #...# #.. ##
########.###..# #...# #.. #
####..## #...# #.. # ##.## #.(.#
#..


You could see a catoblepas.

Vanquished Creatures
  2 two-headed ogres
  2 black mambas
  2 spiny frogs
  2 komodo dragons
  Grinder (D:6)
  3 hippogriffs (Lair:1)
  Sigmund (D:3)
  5 yaks (Lair:1)
  2 wargs (D:8)
  3 water moccasins
  2 porcupines (Lair:1)
  A black bear (Lair:1)
  2 ice beasts (D:7)
  4 sky beasts
  2 orc warriors (D:7)
  The ghost of Naru the Skirmisher, an amateur MiFi (D:4)
  A necrophage (D:8)
  A phantom (D:7)
  3 ogres
  5 centaurs
  A crocodile (Lair:1)
  A big kobold (D:6)
  5 bullfrogs
  A wyvern skeleton (D:8)
  2 scorpions
  3 wights (D:7)
  3 killer bees (D:8)
  An electric eel (D:8)
  2 howler monkeys (D:5)
  A bullfrog zombie (D:8)
  2 crimson imps (D:7)
  A quasit (D:6)
  5 hounds
  A centaur zombie (D:8)
  A jelly (D:5)
  8 orc priests
  A bullfrog skeleton (D:5)
  10 orc wizards
  Jessica (D:2)
  3 iguanas
  Natasha (twice) (D:3)
  7 worker ants
  A killer bee zombie (D:7)
  The ghost of Greboboi the Skirmisher, a weakling MiMo (D:5)
  4 gnolls
  12 adders
  5 shadow imps
  An adder skeleton (D:4)
  An adder zombie (D:5)
  2 worms (D:2)
  3 leopard geckos
  27 orcs
  3 giant cockroaches
  8 goblins
  4 hobgoblins
  A quokka (D:3)
  2 ball pythons
  9 bats
  4 frilled lizards
  11 kobolds
  A quokka skeleton (D:6)
  10 rats
217 creatures vanquished.

Notes
Turn   | Place    | Note
-------+----------+-------------------------------------------
     0 | D:1      | PikkenKukken the Centaur Hunter began the quest for the Orb.
     0 | D:1      | Reached XP level 1. HP: 17/17 MP: 1/1
   316 | D:1      | Reached XP level 2. HP: 24/24 MP: 2/2
   453 | D:1      | Reached skill level 5 in Crossbows
   920 | D:2      | Reached XP level 3. HP: 29/29 MP: 3/3
  1084 | D:2      | Found a sparkling altar of Nemelex Xobeh.
  1133 | D:2      | Noticed Jessica
  1133 | D:2      | Killed Jessica
  1133 | D:2      | Reached XP level 4. HP: 38/38 MP: 4/4
  1216 | D:2      | Found a faded altar of an unknown god.
  1556 | D:3      | Reached XP level 5. HP: 37/46 MP: 5/5
  1668 | D:3      | Noticed Natasha
  1669 | D:3      | Killed Natasha
  1764 | D:3      | Noticed Sigmund
  1772 | D:3      | Killed Sigmund
  1772 | D:3      | Reached skill level 5 in Fighting
  1772 | D:3      | Reached XP level 6. HP: 55/57 MP: 6/6
  2174 | D:3      | Noticed Natasha
  2178 | D:3      | Killed Natasha
  2327 | D:4      | Noticed Naru's ghost (amateur MiFi)
  2331 | D:4      | Killed Naru's ghost
  2331 | D:4      | Reached skill level 1 in Armour
  2472 | D:4      | Reached XP level 7. HP: 62/62 MP: 7/7
  3105 | D:5      | Entered Level 5 of the Dungeon
  3105 | D:5      | Noticed Greboboi's ghost (weakling MiMo)
  3154 | D:5      | Killed Greboboi's ghost
  3801 | D:5      | Reached XP level 8. HP: 70/70 MP: 8/8
  3848 | D:5      | Noticed a two-headed ogre
  3882 | D:5      | Killed a two-headed ogre
  3882 | D:5      | Reached skill level 5 in Armour
  4088 | D:5      | Reached skill level 1 in Short Blades
  4088 | D:5      | Reached skill level 1 in Axes
  4278 | D:5      | Reached XP level 9. HP: 65/75 MP: 9/9
  4498 | D:5      | Found a staircase to the Ecumenical Temple.
  4506 | Temple   | Entered the Ecumenical Temple
  4561 | Temple   | Became a worshipper of Warmaster Okawaru
  4605 | D:5      | Found a sacrificial altar of Ru.
  4605 | D:5      | Found a glowing golden altar of the Shining One.
  4951 | D:5      | Got a flickering diamond amulet
  5149 | D:6      | Noticed Grinder
  5248 | D:6      | Killed Grinder
  5308 | D:6      | Found a shimmering altar of Xom.
  5378 | D:6      | Found a basalt altar of Yredelemnul.
  5569 | D:6      | Reached * piety under Okawaru
  5754 | D:6      | Got a bone dagger
  5755 | D:6      | Identified the +7 dagger "Arbiter" {holy, Int+3} (You found it on level 6 of the Dungeon)
  5777 | D:6      | Found a deep blue altar of Sif Muna.
  6346 | D:7      | Found a shattered altar of Ashenzari.
  6423 | D:7      | Reached ** piety under Okawaru
  6546 | D:7      | Identified the amulet "Tecuhito" {Gourm *Slow rC+ rN++} (You found it on level 5 of the Dungeon)
  6588 | D:7      | Found a snail-covered altar of Cheibriados.
  7528 | D:8      | Reached XP level 10. HP: 65/86 MP: 10/10
  7555 | D:8      | Found Onaefasi's Book Emporium.
  8025 | D:8      | Found a staircase to the Lair.
  8175 | D:7      | Reached skill level 5 in Short Blades
  8630 | D:8      | Noticed a two-headed ogre
  8645 | D:8      | Killed a two-headed ogre
  8645 | D:8      | Reached *** piety under Okawaru
  8849 | D:8      | Received a gift from Okawaru
  9224 | D:9      | Noticed Psyche
  9438 | Lair:1   | Entered Level 1 of the Lair of Beasts
  9438 | Lair:1   | Noticed a spiny frog
  9489 | D:8      | Killed a spiny frog
  9489 | D:8      | Reached **** piety under Okawaru
  9817 | Lair:1   | Noticed a black mamba
  9831 | Lair:1   | Killed a black mamba
 10050 | Lair:1   | Noticed an oklob plant
 10140 | Lair:1   | Identified a scroll of acquirement
 10409 | Lair:1   | Noticed a spiny frog
 10421 | Lair:1   | Killed a spiny frog
 10421 | Lair:1   | Reached XP level 11. HP: 45/97 MP: 11/11
 11678 | Lair:1   | Reached ***** piety under Okawaru
 11844 | Lair:2   | Received a gift from Okawaru
 11982 | Lair:2   | Found a staircase to the Swamp.
 12097 | Lair:2   | Noticed a catoblepas
 12188 | Lair:1   | HP: 1/97 [catoblepas (7)]
 12189 | Lair:1   | Slain by a catoblepas

Skill      XL: |  1  2  3  4  5  6  7  8  9 10 |
---------------+-------------------------------+-----
Crossbows      | 5 6 7 8 9 |  9.1
Fighting       | 3 4 5 7 9 |  9.1
Armour         | 1 2 5 6 |  6.7
Dodging        | 2 3 4 |  4.8
Short Blades   | 1 4 6 |  6.0
Axes           | 1 4 |  4.0
Stealth        | |  0.4

Action                   |  1- 3 |  4- 6 |  7- 9 | 10-12 || total
-------------------------+-------+-------+-------+-------++-------
Melee: Short sword       |    15 |    39 |    69 |       ||   123
       Kick              |     3 |    12 |    54 |    48 ||   117
       Hand axe          |       |       |    92 |       ||    92
       Dagger            |       |       |    43 |   203 ||   246
       Unarmed           |       |       |     3 |       ||     3
 Fire: Hand crossbow     |    48 |    72 |   222 |   165 ||   507
Invok: Heroism           |       |       |       |     1 ||     1
  Use: Scroll            |     6 |     5 |     8 |     3 ||    22
       Potion            |     1 |     4 |     4 |     1 ||    10
  Eat: Chunk             |       |     3 |    16 |    17 ||    36
       Ration            |       |       |     1 |       ||     1
Armor: Leather armour    |    13 |    34 |    78 |    83 ||   208
       Scale mail        |       |       |    77 |       ||    77
Dodge: Dodged            |    11 |    12 |    85 |    71 ||   179
